 Dungeon Crawl Stone Soup version 0.26.1 (webtiles) character file.

Game seed: 5293246574904542198

96 growler the Gusty (level 4, 0/24 HPs)
             Began as a Tengu Air Elementalist on Feb 5, 2021.
             Killed from afar by Natasha (8 damage)
             ... with a magic dart
             ... on level 3 of the Dungeon.
             The game lasted 00:04:31 (3106 turns).

growler the Gusty (Tengu Air Elementalist)          Turns: 3106, Time: 00:04:31

Health: 0/24       AC:  3    Str:  8    XL:     4   Next: 67%
Magic:  2/9        EV: 12    Int: 17    God:
Gold:   42         SH:  0    Dex: 14    Spells: 2/8 levels left

rFire    . . .     SeeInvis .   c - +0 dagger
rCold    . . .     Faith    .   (no shield)
rNeg     . . .     Spirit   .   a - +0 robe
rPois    .         Reflect  .   (helmet restricted)
rElec    .         Harm     .   (no cloak)
rCorr    .         Rampage  .   f - +0 pair of gloves
Will     .....                  (boots unavailable)
Stlth    ++........             (no amulet)
HPRegen  0.08/turn              (no ring)
MPRegen  0.11/turn              (no ring)

@: no status effects
A: beak, talons 3
a: no special abilities


You were on level 3 of the Dungeon.
You visited 1 branch of the dungeon, and saw 3 of its levels.

You collected 42 gold pieces.

Inventory:

Hand Weapons
 c - a +0 dagger (weapon)
   (You took it off a kobold on level 1 of the Dungeon)
Armour
 a - a +0 robe (worn)
 f - a +0 pair of gloves (worn)
   (You found it on level 1 of the Dungeon)
 m - a +1 kite shield of reflection
   (You found it on level 1 of the Dungeon)
Scrolls
 b - 2 scrolls of noise {unknown}
 g - a scroll of immolation {unknown}
 i - 2 scrolls of teleportation {unknown}
 j - 2 scrolls of identify {unknown}
Potions
 d - 2 potions of heal wounds {unknown}
 e - a potion of brilliance {unknown}
 h - a potion of ambrosia {unknown}
 k - a potion of might {unknown}
 l - a potion of lignification {unknown}


   Skills:
 - Level 2.1 Dodging
 - Level 2.0 Stealth
 + Level 1.3 Shields
 + Level 2.8 Spellcasting
 + Level 3.1 Conjurations
 + Level 5.0 Air Magic


You had 2 spell levels left.
You knew the following spells:

 Your Spells              Type           Power        Failure   Level
a - Shock                 Conj/Air       64%          3%          1
d - Static Discharge      Conj/Air       16%          10%         3
s - Swiftness             Air            19%          3%          2

Your spell library contained the following spells:

 Spells                   Type           Power        Failure   Level
 Airstrike                Air            9%           22%         4
 Lightning Bolt           Conj/Air       8%           65%         5


Dungeon Overview and Level Annotations

Branches:
Dungeon (3/15)

Altars:

Annotations:
D:3 Natasha


Innate Abilities, Weirdness & Mutations

You have a beak for a mouth.
You have claws for feet.


Message History

An orc comes into view. It is wielding a +0 dagger.
Aim: an orc, wielding a +0 dagger (wandering, hasn't noticed you, 29% to evade)
The zap hits the orc.
Aim: an orc, wielding a +0 dagger (heavily wounded, 29% to evade)
The zap hits the orc.
Aim: an orc, wielding a +0 dagger (almost dead, 29% to evade)
The zap hits the orc.
You kill the orc!
Unknown command.
Natasha, Servant of Life and Death comes into view.
Found a war axe.
Aim: Natasha (asleep, 0% to evade)
The zap hits Natasha but does no damage.
Natasha hisses angrily.
You hear a shout!
A goblin comes into view. It is wielding a +0 dagger.
Aim: Natasha (36% to evade)
The zap hits Natasha.
A goblin comes into view. It is wielding a +0 club.
Aim: a goblin, wielding a +0 dagger (36% to evade)
The zap hits the goblin.
The goblin shouts!
A worm comes into view.
An orc comes into view. It is wielding a +0 flail.
The orc shouts!
Natasha completely misses you.
The spell is quite dangerous to cast (10% risk of failure)!
Continue anyway?
The goblin is struck by an arc of lightning.
You kill the goblin!
You are struck by an arc of lightning.
The lightning grounds out.
Natasha misses you.
An orc wizard comes into view. It is wielding a +0 dagger.
Natasha claws you.
The spell is quite dangerous to cast (10% risk of failure)!
Continue anyway?
The goblin is struck by an arc of lightning!
You kill the goblin!
You are struck by an arc of lightning.
The lightning grounds out.
The orc wizard shouts!
Natasha misses you.
Natasha wildly gestures.
Natasha glows brightly for a moment.
Natasha extends her claws.
Natasha closely misses you.
The orc wizard gestures wildly while chanting.
The orc wizard seems to speed up.
The orc wizard begins to cast a cantrip, but forgets the words!
Natasha claws you!
* * * LOW HITPOINT WARNING * * *
Natasha stares at you and mumbles some strange words.
The magic dart hits you!
You die...

###
#.#
#<#
#@#
#.#
#h#
#.#
#o#
#.#
#o#
#.#
#.#


You could see an orc wizard (fast), Natasha and an orc.

Vanquished Creatures
  2 adders (D:2)
  2 gnolls (D:2)
  A worm (D:2)
  A leopard gecko (D:1)
  2 orcs
  A ball python (D:2)
  5 bats
  2 giant cockroaches (D:2)
  11 goblins
  7 hobgoblins
  2 jackals (D:1)
  4 kobolds
  2 quokkas (D:2)
  A frilled lizard (D:1)
  7 rats
50 creatures vanquished.

Notes
Turn   | Place    | Note
-------+----------+-------------------------------------------
     0 | D:1      | growler the Tengu Air Elementalist began the quest for the
                  | Orb.
     0 | D:1      | Reached XP level 1. HP: 10/10 MP: 4/4
   227 | D:1      | Reached XP level 2. HP: 15/15 MP: 0/6
   467 | D:1      | Learned a level 2 spell: Swiftness
   864 | D:1      | Reached XP level 3. HP: 19/19 MP: 4/7
   868 | D:1      | Learned a level 3 spell: Static Discharge
  1933 | D:2      | Reached XP level 4. HP: 24/24 MP: 7/9
  1993 | D:2      | Reached skill level 1 in Shields
  2293 | D:2      | Reached skill level 5 in Air Magic
  3086 | D:3      | Noticed Natasha
  3106 | D:3      | Killed from afar by Natasha

Illustrated notes

Levels and vault maps discovered:
D:1:      lightli_arrival_flooded_house, layout_basic, serial_forest,
          infiniplex_forest_clump_diagonal, infiniplex_forest_diagonal,
          infiniplex_forest_join, infiniplex_forest_clump_diagonal,
          infiniplex_forest_end_2, infiniplex_forest_end_2,
          infiniplex_forest_corner_1, chequers_decorated_corner
D:2:      layout_basic, hangedman_decor_growths
D:3:      layout_basic, minitemple, chequers_ecumenical_altar_island,
          uniq_natasha, uniq_jessica, uniq_robin

Skill      XL: |  1  2  3  4 |
---------------+-------------+-----
Conjurations   | 2 3 |  3.1
Shields        | 1 |  1.3
Air Magic      | 5 |  5.0
Dodging        | |  2.1
Stealth        | |  2.0
Spellcasting   | |  2.8

Action                   |  1- 3 |  4- 6 || total
-------------------------+-------+-------++-------
Melee: Unarmed           |     8 |       ||     8
       Kick              |     2 |     1 ||     3
       Dagger            |     4 |    14 ||    18
 Cast: Shock             |    53 |    45 ||    98
       Static Discharge  |       |     2 ||     2
 Stab: Sleeping          |       |     1 ||     1
Armor: Robe              |     2 |     6 ||     8
Dodge: Dodged            |     9 |    16 ||    25
